 Seeded DCSS version 0.28.0-47-ge53b351184 (webtiles) character file.

Game seed: 523019199727972820 (custom seed)

149 thiscave3701365 the Chopper (level 5, -6/70 HPs)
             Began as a Minotaur Berserker on May 9, 2022.
             Was a Believer of Trog.
             Mangled by a phantom (8 damage)
             ... on level 4 of the Dungeon.
             The game lasted 00:01:56 (3432 turns).

thiscave3701365 the Chopper (Minotaur Berserker)    Turns: 3432, Time: 00:01:56

Health: -6/70      AC:  2    Str: 23    XL:     5   Next: 9%
Magic:  4/4        EV: 12    Int:  4    God:    Trog [**....]
Gold:   130        SH:  0    Dex: 10    Spells: 4/4 levels left

rFire   . . .      SeeInvis .   a - +0 hand axe
rCold   . . .      Faith    .   (no shield)
rNeg    . . .      Spirit   .   b - +0 animal skin
rPois   .          Reflect  .   (helmet restricted)
rElec   .          Harm     .   (no cloak)
rCorr   .          Rampage  .   (no gloves)
Will    .....                   (no boots)
Stlth   ..........              (no amulet)
HPRegen 0.21/turn               (no ring)
MPRegen 0.09/turn               (no ring)

@: berserking, very quick
A: horns 2, retaliatory headbutt
a: Renounce Religion, Berserk, Trog's Hand


You were on level 4 of the Dungeon.
You worshipped Trog.
Trog was pleased with you.
You visited 1 branch of the dungeon, and saw 4 of its levels.

You collected 130 gold pieces.

Inventory:

Hand Weapons
 a - a +0 hand axe (weapon)
Missiles
 j - 2 throwing nets
Armour
 b - a +0 animal skin (worn)
Jewellery
 h - an amulet of faith
 i - a ring of poison resistance
 r - an amulet of guardian spirit
Scrolls
 c - 2 scrolls of fog {unknown}
 e - 4 scrolls of teleportation {unknown}
 k - a scroll of fear {unknown}
 l - a scroll of identify {unknown}
 m - a scroll of amnesia {unknown}
 o - a scroll of blinking {unknown}
 p - 2 scrolls of vulnerability {unknown}
Potions
 d - a potion of curing {unknown}
 f - a potion of berserk rage {unknown}
 g - a potion of resistance {unknown}
 n - a potion of invisibility {unknown}
 q - a potion of might {unknown}


   Skills:
 + Level 4.7 Fighting
 + Level 5.5 Axes
 + Level 2.6 Armour
 + Level 2.8 Dodging
 + Level 1.0 Stealth


You had 4 spell levels left.
You didn't know any spells.
Your spell library was empty.

Dungeon Overview and Level Annotations

Branches:
Dungeon (4/15)
 Temple: D:4-7

Altars:
Ashenzari

Annotations:
D:3 3 runed translucent doors, RatsInWalls's ghost, amateur KoWz


Innate Abilities, Weirdness & Mutations

You have a pair of horns on your head.
You reflexively headbutt those who attack you in melee.


Message History

You start resting.
An endoplasm comes into view.
An endoplasm is nearby!
An endoplasm is nearby!
An endoplasm is nearby!
There is an open door here.
An orc priest comes into view. It is wielding a +0 flail.
The orc priest shouts!
The endoplasm quivers.
The orc priest moves out of view.
A phantom comes into view.
The endoplasm freezes you.
You are frozen.
The orc priest mumbles some strange prayers to Beogh against you.
Beogh smites you!
* * * LOW HITPOINT WARNING * * *
There is an open door here.
A red film seems to cover your vision as you go berserk!
You feel yourself moving faster!
You feel mighty! The endoplasm barely misses you.
The orc priest mumbles some strange prayers to Beogh against you.
Pain shoots through your body!
* * * LOW HITPOINT WARNING * * *
You are too injured to fight recklessly!
You are too injured to fight recklessly!
You are too injured to fight recklessly!
Unknown command.
You slash the endoplasm!
You kill the endoplasm!
Trog accepts your kill.
You hit the phantom.
The phantom is lightly damaged.
You barely miss the phantom.
The phantom is lightly damaged.
The phantom barely misses you.
The orc priest looks satisfied for a moment.
You hit the phantom but do no damage.
The phantom is lightly damaged.
The phantom hits you!
You die...

.........#....##..#
#####...##.$..##..##
#...# #..##8.)8##..
#...# #..'.).†..'..#
#...# #..#..##..#..#
....###..#### ### .#
#....# # #....#
#@#### #..Wo.....
#.........
#####..##. ###


You could see a phantom and an orc priest.

Vanquished Creatures
  A howler monkey (D:4)
  A gnoll (D:1)
  3 adders
  An adder skeleton (D:4)
  2 worms
  2 orcs (D:4)
  10 endoplasms
  3 giant cockroaches
  3 goblins
  5 hobgoblins
  4 quokkas
  4 ball pythons
  6 bats
  A frilled lizard (D:1)
  7 kobolds
  8 rats
61 creatures vanquished.

Notes
Turn   | Place    | Note
-------+----------+-------------------------------------------
     0 | D:1      | thiscave3701365 the Minotaur Berserker began the quest for
                  | the Orb.
     0 | D:1      | Reached XP level 1. HP: 19/19 MP: 0/0
   307 | D:1      | Reached skill level 4 in Axes
   307 | D:1      | Reached XP level 2. HP: 26/27 MP: 1/1
   844 | D:1      | Found a faded altar of an unknown god.
  1368 | D:2      | Reached XP level 3. HP: 33/33 MP: 2/2
  1874 | D:2      | Reached ** piety under Trog
  1924 | D:2      | Found a broken altar of Ashenzari.
  2487 | D:3      | Reached XP level 4. HP: 41/41 MP: 3/3
  2644 | D:3      | Found a runed translucent gate.
  2782 | D:3      | Found a runed translucent gate.
  2782 | D:3      | Found a runed translucent gate.
  2813 | D:3      | Noticed RatsInWalls's ghost (amateur KoWz)
  2851 | D:3      | Reached skill level 5 in Axes
  3387 | D:4      | Reached skill level 1 in Stealth
  3387 | D:4      | Reached XP level 5. HP: 43/47 MP: 4/4
  3427 | D:4      | Noticed a phantom
  3428 | D:4      | HP: 1/70 [orc priest/nerve-wracking pain (14)]
  3432 | D:4      | Mangled by a phantom

Illustrated notes

Levels and vault maps discovered:
D:1:      minmay_arrival_floating_metal, layout_loops_corners,
          shapermc_ecumenical_altar_notcrosses, minivault_11
D:2:      layout_basic, basic_altar
D:3:      layout_basic, gammafunk_ghost_icy
D:4:      minmay_chambers_of_twos, layout_loops_cross,
          minmay_temple_entry_fiery, minmay_fractal_squares_5, uniq_ijyb

Skill      XL: |  1  2  3  4 |
---------------+-------------+-----
Axes           | 4 5 |  5.5
Fighting       | 4 |  4.7
Stealth        | 1 |  1.0
Armour         | |  2.6
Dodging        | |  2.8

Action                   |  1- 3 |  4- 6 || total
-------------------------+-------+-------++-------
Melee: Hand axe          |    78 |    53 ||   131
       Headbutt          |     7 |     6 ||    13
       Punch             |       |     2 ||     2
Invok: Berserk           |       |     1 ||     1
 Stab: Sleeping          |     1 |     1 ||     2
Armor: Animal skin       |    16 |    11 ||    27
Dodge: Dodged            |    39 |    26 ||    65
